PBL
PORTLAND ANGELS @ MIAMI BEACH MARLINS
08/27/2046
 
TOP OF THE 1ST
Portland Angels batting - Pitching for Miami Beach Marlins : LHP Byron Copeland
Pitching: LHP Byron Copeland
Batting: RHB Brendan Garoutte 0-0: Called Strike
0-1: Fly out, F3 (Popup, 3SF, EV 78.8 MPH)
Batting: RHB Carlos Gonzales 0-0: Ball
1-0: Ground out 6-3 (Groundball, 6S, EV 70.0 MPH)
Batting: RHB Dan Thomey 0-0: Ball
1-0: Ground out 5-3 (Groundball, 5, EV 108.8 MPH)
Top of the 1st over - 0 runs, 0 hits, 0 errors, 0 left on base; Portland 0 - Miami Beach 0
BOTTOM OF THE 1ST
Miami Beach Marlins batting - Pitching for Portland Angels : RHP Victor Padilla
Pitching: RHP Victor Padilla
Batting: RHB Rafael Irizarry 0-0: Called Strike
0-1: Fly out, F4 (Popup, 23, EV 88.1 MPH)
Batting: LHB Dong-u Chang 0-0: Ball
1-0: Ground out 5-3 (Groundball, 5, EV 93.8 MPH)
Batting: RHB David Martin 0-0: Ground out 5-3 (Groundball, 56S, EV 67.5 MPH)
Bottom of the 1st over - 0 runs, 0 hits, 0 errors, 0 left on base; Portland 0 - Miami Beach 0
TOP OF THE 2ND
Portland Angels batting - Pitching for Miami Beach Marlins : LHP Byron Copeland
Batting: LHB Dave Hicks 0-0: Called Strike
0-1: Foul Ball, location: 2F
0-2: Ball
1-2: Ball
2-2: Ball
3-2: Foul Ball, location: 2F
3-2: Strikes out looking
Batting: RHB Noah Pena 0-0: Fly out, F6 (Popup, 6S, EV 62.5 MPH)
Batting: LHB Ramon Garduno 0-0: Swinging Strike
0-1: Ball
1-1: Ball
2-1: Swinging Strike
2-2: Fly out, F9 (Line Drive, 9S, EV 105.0 MPH)
Top of the 2nd over - 0 runs, 0 hits, 0 errors, 0 left on base; Portland 0 - Miami Beach 0
BOTTOM OF THE 2ND
Miami Beach Marlins batting - Pitching for Portland Angels : RHP Victor Padilla
Batting: RHB Jordan Arcidez 0-0: Called Strike
0-1: Ball
1-1: Ball
2-1: Foul Ball, location: 2F
2-2: Foul Ball, location: 2F
2-2: Ball
3-2: Ground out 5-3 (Groundball, 5S, EV 84.4 MPH)
Pinch Hitting: RHB Mario Cota 0-0: Called Strike
0-1: Ground out 5-3 (Groundball, 56S, EV 90.0 MPH)
Batting: RHB Manny Gonzalez 0-0: Fly out, F9 (Line Drive, 89S, EV 95.0 MPH)
Bottom of the 2nd over - 0 runs, 0 hits, 0 errors, 0 left on base; Portland 0 - Miami Beach 0
TOP OF THE 3RD
Portland Angels batting - Pitching for Miami Beach Marlins : LHP Byron Copeland
Now in RF: Alberto Bravo
Batting: RHB Dan Myers 0-0: Fly out, F9 (Line Drive, 9, EV 101.2 MPH)
Batting: SHB Danny Gelinas 0-0: Fly out, F3 (Popup, 34S, EV 71.9 MPH)
Batting: RHB Alex Rosaly 0-0: Fly out, F8 (Flyball, 8LM, EV 88.1 MPH)
Top of the 3rd over - 0 runs, 0 hits, 0 errors, 0 left on base; Portland 0 - Miami Beach 0
BOTTOM OF THE 3RD
Miami Beach Marlins batting - Pitching for Portland Angels : RHP Victor Padilla
Batting: RHB Clark Meagher 0-0: Swinging Strike
0-1: Ball
1-1: Called Strike
1-2: Strikes out swinging
Batting: RHB Melvin Nava 0-0: DOUBLE (Flyball, 78D, EV 90.0 MPH)
Batting: SHB Emmet Brickowski 0-0: Ball
1-0: Called Strike
Melvin Nava is caught stealing 3rd base 2-5
1-1: Swinging Strike
1-2: Strikes out swinging
Bottom of the 3rd over - 0 runs, 1 hit, 0 errors, 0 left on base; Portland 0 - Miami Beach 0
TOP OF THE 4TH
Portland Angels batting - Pitching for Miami Beach Marlins : LHP Byron Copeland
Batting: RHB Brendan Garoutte 0-0: Fly out, F7 (Flyball, 78M, EV 95.0 MPH)
Batting: RHB Carlos Gonzales 0-0: Foul Ball, location: 2F
0-1: Ball
1-1: Foul Ball, location: 2F
1-2: Strikes out swinging, 2-3 out at first.
Batting: RHB Dan Thomey 0-0: Foul Ball, location: 2F
0-1: Swinging Strike
0-2: Foul Ball, location: 2F
0-2: Strikes out looking
Top of the 4th over - 0 runs, 0 hits, 0 errors, 0 left on base; Portland 0 - Miami Beach 0
BOTTOM OF THE 4TH
Miami Beach Marlins batting - Pitching for Portland Angels : RHP Victor Padilla
Batting: RHB Rafael Irizarry 0-0: Swinging Strike
0-1: Called Strike
0-2: Ball
1-2: Ball
2-2: Foul Ball, location: 2F
2-2: Foul Ball, location: 2F
2-2: Strikes out swinging
Batting: LHB Dong-u Chang 0-0: Ball
1-0: SINGLE (Flyball, 4D, EV 92.5 MPH)
Batting: RHB David Martin 0-0: Called Strike
0-1: Foul Ball, location: 2F
0-2: Foul Ball, location: 2F
0-2: Ball
1-2: Ball
2-2: Fielders Choice at 2nd, 1-6 (Groundball, 13, EV 69.4 MPH)
Batting: RHB Jordan Arcidez Pickoff Throw to First - Out! 1-3
Bottom of the 4th over - 0 runs, 1 hit, 0 errors, 0 left on base; Portland 0 - Miami Beach 0
TOP OF THE 5TH
Portland Angels batting - Pitching for Miami Beach Marlins : LHP Byron Copeland
Batting: LHB Dave Hicks 0-0: Ball
1-0: Ball
2-0: Called Strike
2-1: Foul Ball, location: 2F
2-2: Strikes out swinging
Batting: RHB Noah Pena 0-0: Called Strike
0-1: Ball
1-1: Ground out 6-3 (Groundball, 6, EV 103.1 MPH)
Batting: LHB Ramon Garduno 0-0: Fly out, F9 (Flyball, 89S, EV 82.5 MPH)
Top of the 5th over - 0 runs, 0 hits, 0 errors, 0 left on base; Portland 0 - Miami Beach 0
BOTTOM OF THE 5TH
Miami Beach Marlins batting - Pitching for Portland Angels : RHP Victor Padilla
Batting: RHB Jordan Arcidez 0-0: Ball
1-0: Called Strike
1-1: Fly out, F8 (Flyball, 8RXD, EV 102.5 MPH)
Batting: RHB Alberto Bravo 0-0: Called Strike
0-1: Ground out U3 (Groundball, 3, EV 97.5 MPH)
Batting: RHB Manny Gonzalez 0-0: Ball
1-0: Fly out, F7 (Flyball, 7, EV 89.4 MPH)
Bottom of the 5th over - 0 runs, 0 hits, 0 errors, 0 left on base; Portland 0 - Miami Beach 0
TOP OF THE 6TH
Portland Angels batting - Pitching for Miami Beach Marlins : LHP Byron Copeland
Batting: RHB Dan Myers 0-0: Ball
1-0: Called Strike
1-1: Ball
2-1: Called Strike
2-2: Fly out, F8 (Flyball, 89M, EV 80.6 MPH)
Batting: SHB Danny Gelinas 0-0: Called Strike
0-1: Foul Ball, location: 2F
0-2: Ball
1-2: Strikes out swinging
Batting: RHB Alex Rosaly 0-0: Ball
1-0: Called Strike
1-1: Ball
2-1: Foul Ball, location: 2F
2-2: Ground out 5-3 (Groundball, 56S, EV 88.8 MPH)
Top of the 6th over - 0 runs, 0 hits, 0 errors, 0 left on base; Portland 0 - Miami Beach 0
BOTTOM OF THE 6TH
Miami Beach Marlins batting - Pitching for Portland Angels : RHP Victor Padilla
Batting: RHB Clark Meagher 0-0: Ball
1-0: Foul Ball, location: 2F
1-1: Called Strike
1-2: Foul Ball, location: 2F
1-2: Foul Ball, location: 2F
1-2: Foul Ball, location: 2F
1-2: Foul Ball, location: 2F
1-2: Ball
2-2: SINGLE (Groundball, 56, EV 105.6 MPH)
Batting: RHB Melvin Nava 0-0: Fly out, F7 (Flyball, 7S, EV 88.8 MPH)
Batting: SHB Emmet Brickowski 0-0: Ball
1-0: Swinging Strike
1-1: Ball
2-1: Swinging Strike
Passed Ball!
Clark Meagher to second
2-2: Ball
3-2: Foul Ball, location: 2F
3-2: Fly out, F7 (Flyball, 7, EV 84.4 MPH)
Batting: RHB Rafael Irizarry 0-0: Fly out, F8 (Line Drive, 8LM, EV 95.6 MPH)
Bottom of the 6th over - 0 runs, 1 hit, 0 errors, 1 left on base; Portland 0 - Miami Beach 0
TOP OF THE 7TH
Portland Angels batting - Pitching for Miami Beach Marlins : LHP Byron Copeland
Batting: RHB Brendan Garoutte 0-0: Called Strike
0-1: Swinging Strike
0-2: Foul Ball, location: 2F
0-2: Ball
1-2: Strikes out swinging
Batting: RHB Carlos Gonzales 0-0: Foul Ball, location: 2F
0-1: Foul Ball, location: 2F
0-2: Hit by Pitch
Batting: RHB Dan Thomey 0-0: Fly out, F7 (Flyball, 8LS, EV 93.8 MPH)
Batting: LHB Dave Hicks 0-0: Ball
1-0: Called Strike
1-1: Ball
2-1: Ball
3-1: Ground out 4-3 (Groundball, 4, EV 86.2 MPH)
Top of the 7th over - 0 runs, 0 hits, 0 errors, 1 left on base; Portland 0 - Miami Beach 0
BOTTOM OF THE 7TH
Miami Beach Marlins batting - Pitching for Portland Angels : RHP Victor Padilla
Batting: LHB Dong-u Chang 0-0: Foul Ball, location: 2F
0-1: Ball
1-1: Foul Ball, location: 2F
1-2: Fly out, F7 (Line Drive, 78M, EV 89.4 MPH)
Batting: RHB David Martin 0-0: Foul Ball, location: 2F
0-1: Swinging Strike
0-2: Ball
1-2: Foul Ball, location: 2F
1-2: Ball
2-2: SOLO HOME RUN (Flyball, 7D, EV 97.5 MPH), Distance : 399 ft
Batting: RHB Jordan Arcidez 0-0: Ball
1-0: Fly out, F3 (Popup, 34, EV 77.5 MPH)
Batting: RHB Alberto Bravo 0-0: Called Strike
0-1: Ball
1-1: Ball
2-1: Called Strike
2-2: Ball
3-2: Strikes out swinging
Bottom of the 7th over - 1 run, 1 hit, 0 errors, 0 left on base; Portland 0 - Miami Beach 1
TOP OF THE 8TH
Portland Angels batting - Pitching for Miami Beach Marlins : LHP Byron Copeland
Batting: RHB Noah Pena 0-0: Called Strike
0-1: Ball
1-1: Foul Ball, location: 2F
1-2: Ball
2-2: Fly out, F7 (Line Drive, 7, EV 96.2 MPH)
Pinch Hitting: SHB Adrian Orosco 0-0: Foul Ball, location: 2F
0-1: SINGLE (Groundball, 6MD, EV 97.5 MPH)
Batting: RHB Dan Myers 0-0: Ball
1-0: Foul Ball, location: 2F
1-1: Ball
2-1: Grounds into double play, 6-4-3 (Groundball, 6, EV 91.9 MPH)
Top of the 8th over - 0 runs, 1 hit, 0 errors, 0 left on base; Portland 0 - Miami Beach 1
BOTTOM OF THE 8TH
Miami Beach Marlins batting - Pitching for Portland Angels : RHP Victor Padilla
Now at 1B: Adrian Orosco
Batting: RHB Manny Gonzalez 0-0: SINGLE (Groundball, 6MD, EV 95.0 MPH)
Batting: RHB Clark Meagher 0-0: Foul Ball, location: 2F
0-1: Called Strike
0-2: Strikes out swinging
Batting: RHB Melvin Nava 0-0: Called Strike
0-1: Ball
1-1: Fly out, F7 (Flyball, 7LD, EV 95.0 MPH)
Batting: SHB Emmet Brickowski 0-0: Ball
1-0: Foul Ball, location: 2F
1-1: Foul Ball, location: 2F
1-2: Hit by Pitch
Manny Gonzalez to second
Batting: RHB Rafael Irizarry 0-0: TRIPLE (Flyball, 78XD, EV 100.6 MPH)
Manny Gonzalez scores
Emmet Brickowski scores
Batting: LHB Dong-u Chang 0-0: Ball
1-0: Foul Ball, location: 2F
1-1: Ball
2-1: SINGLE (Line Drive, 6D, EV 97.5 MPH)
Rafael Irizarry scores
Batting: RHB David Martin 0-0: Ball
Passed Ball!
Dong-u Chang to second
1-0: Foul Ball, location: 2F
1-1: Ball
2-1: Ball
3-1: Base on Balls
Batting: RHB Jordan Arcidez 0-0: Fielders Choice at 2nd, 6-4 (Groundball, 6, EV 104.4 MPH)
Bottom of the 8th over - 3 runs, 3 hits, 0 errors, 2 left on base; Portland 0 - Miami Beach 4
TOP OF THE 9TH
Portland Angels batting - Pitching for Miami Beach Marlins : LHP Byron Copeland
Batting: SHB Danny Gelinas 0-0: Ball
1-0: Called Strike
1-1: Ball
2-1: Called Strike
2-2: Ball
3-2: Strikes out swinging
Batting: RHB Alex Rosaly 0-0: Foul Ball, location: 2F
0-1: SOLO HOME RUN (Flyball, 78XD, EV 115.0 MPH), Distance : 439 ft
Batting: RHB Brendan Garoutte 0-0: Called Strike
0-1: Foul Ball, location: 2F
0-2: Strikes out swinging
Batting: RHB Carlos Gonzales 0-0: Foul Ball, location: 2F
0-1: Ball
1-1: Foul Ball, location: 2F
1-2: Strikes out swinging
Top of the 9th over - 1 run, 1 hit, 0 errors, 0 left on base; Portland 1 - Miami Beach 4
Tuesday, September 13th , 2022 - OOTP Baseball 23.7 Build 88